 Dungeon Crawl Stone Soup version 0.29-a0-322-g68df515428 (webtiles) character file.

Game seed: 13104570351957118659

3584 HotDog the Cleaver (level 10, -11/78 (86) HPs)
             Began as a Hill Orc Fighter on Apr 6, 2022.
             Was a Believer of Qazlal.
             Mangled by an orc warrior
             ... wielding a +2 halberd of electrocution
              (20 damage)
             ... in a bailey.
             The game lasted 00:10:31 (8016 turns).

HotDog the Cleaver (Hill Orc Fighter)               Turns: 8016, Time: 00:10:33

HP:   -11/78 (86)   AC: 10    Str: 30    XL:     10   Next: 10%
MP:   7/14          EV: 11    Int:  8    God:    Qazlal [**....]
Gold: 193           SH:  8    Dex: 10    Spells: 9/9 levels left

rFire   + + .      SeeInvis .   z - +5 hand axe "HotDog's Bane" {drain, Fly Will+}
rCold   + . .      Faith    .   c - +0 buckler
rNeg    . . .      Spirit   .   b - +0 scale mail
rPois   .          Reflect  .   p - +0 helmet
rElec   .          Harm     .   x - scarf {rC+ rF+}
rCorr   .          Rampage  .   (no gloves)
Will    +....                   o - +0 pair of boots
Stlth   ..........              (no amulet)
HPRegen 0.23/turn               j - ring of protection from fire
MPRegen 0.14/turn               y - +6 ring of strength

@: flying, studying Axes, drained
A: no striking features
a: Renounce Religion, Upheaval


You were in a bailey.
You worshipped Qazlal.
Qazlal was pleased with you.
You visited 2 branches of the dungeon, and saw 8 of its levels.
You also visited: Bailey.

You collected 193 gold pieces.

Inventory:

Hand Weapons
 a - a +0 war axe of electrocution
 z - the +5 hand axe "HotDog's Bane" (weapon) {drain, Fly Will+}
   (You found it on level 6 of the Dungeon)

   A truly terrible weapon, it drains the life of any living foe it strikes.
   Fly:       It grants you flight.
   Will:      It increases your willpower.
Armour
 b - a +0 scale mail (worn)
 c - a +0 buckler (worn)
 o - a +0 pair of boots (worn)
 p - a +0 helmet (worn)
 x - a scarf of resistance (worn)
Jewellery
 j - a ring of protection from fire (left hand)
 y - a +6 ring of strength (right hand)
Scrolls
 e - 2 scrolls of fog {unknown}
 k - a scroll of immolation
 l - 2 scrolls of teleportation
 m - 4 scrolls of blinking
 n - a scroll of holy word {unknown}
 r - a scroll of noise
 s - a scroll of vulnerability {unknown}
 v - a scroll of amnesia {unknown}
Potions
 d - a potion of might
 f - 3 potions of invisibility
 g - 2 potions of heal wounds
 h - 4 potions of curing
 i - 3 potions of lignification {unknown}
 q - 3 potions of magic
 t - a potion of berserk rage
 u - 2 potions of attraction {unknown}
 w - a potion of mutation {unknown}
 A - a potion of cancellation {unknown}


   Skills:
 * Level 7.3 Fighting
 * Level 13.8 Axes
 * Level 7.2 Armour
 * Level 3.3 Dodging
 * Level 6.0 Shields
 * Level 6.0 Invocations


You had 9 spell levels left.
You didn't know any spells.
Your spell library contained the following spells:

 Spells                   Type           Power      Damage    Failure   Level
 Alistair's Intoxication  Tmut/Pois      0%         N/A       100%        5
 Borgnjor's Vile Clutch   Necr/Erth      0%         N/A       100%        5
 Eringya's Noxious Bog    Tmut/Pois      0%         N/A       100%        6


Dungeon Overview and Level Annotations

Branches:
Dungeon (7/15)             Temple (1/1) D:5          Bailey (1/1)

Altars:
Ashenzari
Cheibriados
Dithmenos
Elyvilon
Fedhas
Hepliaklqana
Kikubaaqudgha
Makhleb
Nemelex Xobeh
Qazlal
Ru
Sif Muna
Trog
Uskayaw
Vehumet
Wu Jian
Yredelemnul
Zin

Annotations:
D:2 1 runed translucent door, Crazy Yiuf


Message History

a +2 halberd of draining; 2 potions of haste; a gnoll corpse You block the orc's attack.
You block the orc warrior's attack. The orc hits you but does no damage.
You are too injured to fight recklessly!
You are too injured to fight recklessly!
You are too injured to fight recklessly!
Unknown command.
You hit the orc.
You kill the orc!
Qazlal accepts your kill.
You hit the orc warrior. You block the orc warrior's attack.
The orc barely misses you.
The orc warrior attacks as you move away!
You block the orc warrior's attack.
The gnoll hits you from afar with a +2 halberd of electrocution!
The orc warrior hits you from afar with a +2 halberd of electrocution.
The orc barely misses you.
There is an open door here.
Things that are here:
a +0 halberd; a +0 scale mail You are too injured to fight recklessly!
You hit the orc but do no damage. The gnoll closely misses you.
The orc warrior hits you but does no damage.
You block the orc's attack.
You hit the orc.
The orc is moderately wounded.
You closely miss the orc.
The orc is moderately wounded.
The gnoll barely misses you.
The orc warrior hits you from afar with a +2 halberd of electrocution!
* * * LOW HITPOINT WARNING * * *
The orc barely misses you.
You slash the orc!
You kill the orc!
Qazlal accepts your kill. You block the gnoll's attack.
The orc warrior hits you from afar with a +2 halberd of electrocution!
* * * LOW HITPOINT WARNING * * *
You are electrocuted!!
You die...

#####
##)g)##
+##+##@###'#
#...o.##
##!g).!#
#...).###
.)o!.#
+..⌠..')#
o.⌠.!'.
#.....###
.!.!.##
##.....##
....!#
##'##+##'#
#+##'##'#
#.## ##)#g#
.# #. #'#
### #####
### ###


You could see an orc warrior and a gnoll.

Vanquished Creatures
  Pikel (D:6)
  A wraith (D:5)
  3 water moccasins
  A sky beast (D:6)
  2 ice beasts (D:5)
  3 black bears
  An ogre (D:6)
  2 phantoms
  A necrophage (D:6)
  A gnoll sergeant (D:5)
  5 scorpions
  5 wights (D:6)
  5 jellies
  4 orc priests
  6 hounds
  A gnoll shaman (D:5)
  6 iguanas
  3 orc wizards
  Robin (D:2)
  10 adders
  19 gnolls
  7 river rats (D:5)
  An ufetubus (D:5)
  3 worms
  20 orcs
  8 endoplasms
  3 giant cockroaches
  18 goblins
  7 hobgoblins
  2 jackals (D:1)
  11 quokkas
  4 ball pythons
  5 bats
  2 frilled lizards (D:2)
  9 kobolds
  23 rats
204 creatures vanquished.

Vanquished Creatures (others)
  2 fungi (D:6)
2 creatures vanquished.

Grand Total: 206 creatures vanquished

Notes
Turn   | Place    | Note
-------+----------+-------------------------------------------
     0 | D:1      | HotDog the Hill Orc Fighter began the quest for the Orb.
     0 | D:1      | Reached XP level 1. HP: 19/19 MP: 1/1
     0 | D:1      | Noticed a red draconian
     2 | D:1      | Noticed a red draconian
     4 | D:1      | Noticed a shadow dragon
     4 | D:1      | Noticed an orb of fire
     7 | D:1      | Noticed a shadow dragon
     8 | D:1      | Noticed a large abomination
    13 | D:1      | Noticed an ice dragon
    15 | D:1      | Noticed an ice dragon
    17 | D:1      | Noticed a tentacled monstrosity
    17 | D:1      | Noticed a tentacled monstrosity
    17 | D:1      | Noticed a shadow dragon
    19 | D:1      | Noticed an ice dragon
    19 | D:1      | Noticed a large abomination
   217 | D:1      | Reached XP level 2. HP: 26/27 MP: 2/2
   253 | D:1      | Found a faded altar of an unknown god.
   498 | D:1      | Reached skill level 1 in Invocations
   714 | D:1      | Reached skill level 3 in Axes
  1066 | D:2      | Reached XP level 3. HP: 33/33 MP: 3/3
  1068 | D:2      | Noticed Robin
  1614 | D:2      | Killed Robin
  1615 | D:2      | Reached XP level 4. HP: 31/40 MP: 5/5
  2036 | D:2      | Found a runed translucent door.
  2037 | D:2      | Noticed Crazy Yiuf
  2361 | D:2      | Reached skill level 4 in Axes
  2667 | D:3      | Reached XP level 5. HP: 37/46 MP: 6/6
  3045 | D:4      | Noticed a phantom
  3071 | D:4      | Killed a phantom
  3072 | D:4      | Reached skill level 5 in Axes
  3072 | D:4      | Reached skill level 1 in Dodging
  3072 | D:4      | Reached XP level 6. HP: 32/53 MP: 7/7
  3405 | D:4      | Noticed a black bear
  3410 | D:4      | Killed a black bear
  3468 | D:4      | Reached skill level 6 in Axes
  3468 | D:4      | Reached XP level 7. HP: 39/60 MP: 9/9
  3889 | D:4      | Found a bloodstained altar of Trog.
  3889 | D:4      | Found a snail-covered altar of Cheibriados.
  3960 | D:4      | Reached skill level 5 in Fighting
  3967 | D:4      | Reached skill level 5 in Armour
  4837 | D:5      | Entered Level 5 of the Dungeon
  4874 | D:5      | Reached skill level 7 in Axes
  4874 | D:5      | Reached XP level 8. HP: 50/68 MP: 10/10
  4995 | D:5      | Found a shadowy altar of Dithmenos.
  5288 | D:5      | Found a staircase to the Ecumenical Temple.
  5310 | Temple   | Entered the Ecumenical Temple
  5403 | Temple   | Became a worshipper of Qazlal Stormbringer
  5492 | D:5      | Reached skill level 8 in Axes
  5501 | D:5      | Noticed a wraith
  5524 | D:5      | Killed a wraith
  5969 | D:5      | Reached skill level 9 in Axes
  6012 | D:5      | Reached * piety under Qazlal
  6013 | D:5      | Reached skill level 5 in Shields
  6013 | D:5      | Reached XP level 9. HP: 75/75 MP: 12/12
  6066 | D:5      | Reached skill level 10 in Axes
  6333 | D:6      | Reached skill level 5 in Invocations
  6371 | D:6      | Reached ** piety under Qazlal
  6372 | D:6      | Reached skill level 11 in Axes
  6553 | D:6      | Found a burning altar of Makhleb.
  6572 | D:6      | Reached skill level 12 in Axes
  6930 | D:6      | Identified the +5 hand axe "HotDog's Bane" {drain, Fly
                  | Will+}
  6935 | D:6      | Reached skill level 13 in Axes
  7205 | D:6      | Noticed Pikel
  7220 | D:6      | Killed Pikel
  7221 | D:6      | Reached XP level 10. HP: 75/86 MP: 14/14
  7289 | D:6      | Found a broken altar of Ashenzari.
  7293 | D:6      | Saw a vision of the Swamp and the Spider Nest.
  7293 | D:6      | Noticed a wolf spider
  7293 | D:6      | Noticed a wolf spider
  7293 | D:6      | Noticed a goliath frog
  7294 | D:6      | Noticed an alligator
  7294 | D:6      | Noticed an alligator
  7564 | D:7      | Found a flagged portal.
  7577 | Bailey   | Entered a bailey
  8016 | Bailey   | Mangled by an orc warrior

Illustrated notes

Levels and vault maps discovered:
D:1:      shiori_arrival_whats_in_store_for_you, layout_loops_corners,
          hellmonk_ecumenical_altar_pennies_from_heaven, palyth_stone_intersect
D:2:      layout_rooms, nicolae_wormholes, uniq_robin, uniq_crazy_yiuf_cottage
D:3:      layout_basic, minivault_25
D:4:      layout_basic, gammafunk_temple_overflow_statue
D:5:      lemuel_ratsnest, layout_loops_ring,
          mainiacjoe_overflow_six_doors_small, minmay_temple_entry_butterflies,
          minmay_manual_monolith
D:6:      layout_basic, kennysheep_mini, grunt_ashenzari_visionary
          [grunt_ashenzari_visionary_swamp, grunt_ashenzari_visionary_spider],
          uniq_pikel
D:7:      minmay_the_grid_octo_2x2 [minmay_the_grid_octo_tetromino_candy,
          minmay_the_grid_octo_fat_diamond, minmay_the_grid_octo_checkerflower,
          minmay_the_grid_octo_prize_single_spiral], layout_basic,
          enter_bailey_3
Temple:   regret_index_temple_waves
Bailey:   bailey_polearm_nasty_gnolls, bailey

Skill      XL: |  1  2  3  4  5  6  7  8  9 10 |
---------------+-------------------------------+-----
Invocations    | 1 2 3 4 6 |  6.0
Axes           | 3 4 5 6 7 9 13 | 13.8
Fighting       | 4 5 6 7 |  7.3
Armour         | 4 5 6 7 |  7.2
Dodging        | 1 2 3 |  3.3
Shields        | 4 5 6 |  6.0

Action                   |  1- 3 |  4- 6 |  7- 9 | 10-12 || total
-------------------------+-------+-------+-------+-------++-------
Melee: War axe           |    85 |    97 |   331 |       ||   513
       Hand axe          |       |       |    22 |    32 ||    54
Invok: Upheaval          |       |       |       |     3 ||     3
  Use: Scroll            |       |     8 |       |       ||     8
       Potion            |       |       |     6 |       ||     6
Armor: Scale mail        |    75 |    57 |   139 |     6 ||   277
Dodge: Dodged            |    61 |    45 |   117 |    21 ||   244
Block: Buckler           |    19 |    27 |    86 |    25 ||   157

Table legend: (Time is in decaauts)
 A = Elapsed time spent in this place.
 B = Non-inter-level travel time spent in this place.
 C = Inter-level travel time spent in this place.
 D = Time resting spent in this place.
 E = Time spent auto-exploring this place.
 F = Levels seen in this place.
 G = Mean time per level.
                   A        B        C        D        E       F      G
               +--------+--------+--------+--------+--------+-----+--------+
         Total |   8104 |   7837 |    267 |   2665 |   3791 |   9 |  900.4 |
       Dungeon |   7525 |   7312 |    213 |   2365 |   3686 |   7 | 1075.0 |
        Temple |    148 |     94 |     54 |     32 |     44 |   1 |  148.0 |
        Bailey |    430 |    430 |      0 |    268 |     61 |   1 |  430.0 |
               +--------+--------+--------+--------+--------+-----+--------+

Top non-repeatable levels by time:
     D:4: 1836 daAuts
     D:1: 1596 daAuts
     D:5: 1300 daAuts
     D:6: 1278 daAuts
     D:2: 1115 daAuts
  Bailey: 430 daAuts
     D:3: 376 daAuts
  Temple: 148 daAuts
     D:7: 22 daAuts
